WCHLSIM.com - West Coast Hockey League
html PUBLIC "-//W3C//DTD XHTML 1.0 Transitional//EN" "http://www.w3.org/TR/xhtml1/DTD/xhtml1-transitional.dtd"> WCHL - Game 580 - OAKLAND GORILLAS vs LONG BEACH BARACUDAS

OAKLAND GORILLAS vs LONG BEACH BARACUDAS

Created - 2 février 2021 at 22:44

Goals
1 2 3 T
OAKLAND GORILLAS 0 1 0 1
LONG BEACH BARACUDAS 3 1 2 6
Shots
1 2 3 T
OAKLAND GORILLAS 10 12 2 24
LONG BEACH BARACUDAS 16 5 17 38

1st period

1. LONG BEACH BARACUDAS , Mikael Granlund 9 (J.T. Compher 16, Michael Del Zotto 7) at 4:22
2. LONG BEACH BARACUDAS , Alex Pietrangelo 9 (Kyle Palmieri 30, Taylor Hall 31) at 11:33
3. LONG BEACH BARACUDAS , Mikael Granlund 10 (Jordie Benn 6, Michael Del Zotto 8) at 14:50

Penalties :
Jordie Benn (LOB) for Tripping (Minor) at 7:26, Brandon Montour (LOB) for Interference (Minor) at 16:43, Jonathan Drouin (OAK) for Hooking (Minor) at 16:43

2nd period

4. LONG BEACH BARACUDAS , Kyle Palmieri 29 (Taylor Hall 32, Brandon Montour 5) at 1:04
5. OAKLAND GORILLAS , Tyler Toffoli 14 (Tomas Tatar 19, Nico Hischier 21) at 8:48

Penalties :
Alex Pietrangelo (LOB) for Hooking (Minor) at 1:48, Kevin Shattenkirk (OAK) for Holding (Minor) at 10:07, Brock Nelson (LOB) for Holding (Minor) at 16:10, Tobias Rieder (LOB) for Hooking (Minor) at 18:12

3rd period

6. LONG BEACH BARACUDAS , Kyle Palmieri 30 (Brock Nelson 27, Alex Pietrangelo 23) at 10:20 (PP)
7. LONG BEACH BARACUDAS , Brock Nelson 10 (Taylor Hall 33) at 12:11

Penalties :
Nikita Zadorov (OAK) for High sticking (Minor) at 0:31, Kurtis MacDermid (OAK) for High sticking (Minor) at 8:27, Mikhail Sergachev (OAK) for Boarding (Minor) at 13:41, Pierre-Edouard Bellemare (LOB) for High sticking (Minor) at 18:44

Goalie Stats

Charlie Lindgren (OAK), 13 saves from 17 shots - (0,765), L, 0-7-0, 21:04 minutes
Matthew Murray (OAK), 19 saves from 21 shots - (0,905), 38:56 minutes
Jonathan Quick (LOB), 23 saves from 24 shots - (0,958), W, 21-9-1, 60:00 minutes

Players Stats for OAKLAND GORILLAS

Player Name              G  A  P  +/- PIM S  H  SB GA TA FO     MP     PP MP  PK MP  
------------------------------------------------------------------------------------
Alan Quine               0  0  0  -1  0   0  0  0  0  0  0/1     8:40   0:00   0:00 
Alexander Wennberg       0  0  0  -2  0   5  0  0  0  0  7/15   16:39   4:01   0:00 
Colin White              0  0  0  -2  0   0  1  1  0  0  0/0    18:52   4:01   3:09 
Devin Shore              0  0  0  -1  0   0  0  0  0  0  4/7     8:40   0:00   0:00 
Jakob Chychrun           0  0  0  -2  0   0  3  2  0  0  0/0    21:13   4:24   0:37 
Joel Farabee             0  0  0   0  0   1  1  0  0  0  0/1     9:22   0:00   0:16 
Jonathan Drouin          0  0  0  -2  2   2  0  0  0  0  0/1    15:42   4:01   0:00 
Kevin Shattenkirk        0  0  0  -1  2   1  1  2  0  0  0/0    22:04   4:47   4:01 
Kurtis MacDermid         0  0  0  -1  2   1  1  4  0  0  0/0    15:37   0:00   2:08 
Liam Foudy               0  0  0   0  0   0  1  0  0  0  0/1     9:06   0:00   0:00 
Lucas Wallmark           0  0  0   0  0   1  0  0  0  0  7/14   12:15   0:00   3:09 
Michael Dal Colle        0  0  0  -1  0   0  2  0  0  0  0/0     8:40   0:00   0:00 
Mikhail Sergachev        0  0  0  -1  2   4  3  0  0  0  0/0    21:08   4:47   3:12 
Nick Leddy               0  0  0  -2  0   0  2  3  0  0  0/0    24:04   4:24   3:21 
Nico Hischier            0  1  1  -1  0   1  2  0  0  0  15/34  22:26   5:10   4:41 
Nikita Zadorov           0  0  0  -1  2   2  3  1  0  0  0/0    15:50   0:00   2:21 
Tomas Tatar              0  1  1  -1  0   4  1  0  0  0  0/3    22:10   5:10   4:25 
Tyler Toffoli            1  0  1  -1  0   2  0  0  0  0  2/3    17:38   5:10   0:00 

Players Stats for LONG BEACH BARACUDAS

Player Name              G  A  P  +/- PIM S  H  SB GA TA FO     MP     PP MP  PK MP  
------------------------------------------------------------------------------------
Alex Pietrangelo         1  1  2   1  2   2  2  0  0  0  0/0    20:18   0:20   0:32 
Ben Hutton               0  0  0   1  0   1  1  0  0  0  0/0    20:22   4:41   4:14 
Boris Katchouk           0  0  0   0  0   0  0  0  0  0  0/0     9:23   0:00   0:00 
Brad Richardson          0  0  0   0  0   0  0  0  0  0  6/9     9:23   0:00   0:00 
Brandon Montour          0  1  1   1  2   0  0  3  0  0  0/0    20:27   4:18   0:45 
Brock Nelson             1  1  2   2  2   4  0  0  0  0  13/22  15:13   4:07   0:00 
J.T. Compher             0  1  1   2  0   3  2  0  0  0  3/5    14:56   4:07   0:20 
Jordie Benn              0  1  1   2  2   3  2  2  0  0  0/0    18:53   2:49   4:12 
Kyle Palmieri            2  1  3   2  0   7  0  0  0  0  6/10   26:16   4:03   6:23 
Loui Eriksson            0  0  0   0  0   0  0  0  0  0  0/0     3:44   0:00   0:00 
Michael Del Zotto        0  2  2   2  0   0  1  2  0  0  0/0    14:54   0:00   3:00 
Mikael Granlund          2  0  2   2  0   4  1  0  0  0  2/2    12:23   0:00   2:48 
Pierre-Edouard Bellemare 0  0  0   0  2   0  0  0  0  0  10/14  14:10   0:00   2:28 
Reyley Smith             0  0  0   0  0   7  1  1  0  0  1/2    23:28   3:47   6:23 
Ron Hainsey              0  0  0   1  0   0  1  0  0  0  0/0    25:03   3:32   5:39 
Steven Stamkos           0  0  0   0  0   3  2  0  0  0  2/6    16:15   3:43   0:00 
Taylor Hall              0  3  3   2  0   4  0  0  0  0  0/0    14:50   3:43   0:00 
Tobias Rieder            0  0  0   2  2   0  0  1  0  0  2/10    8:46   0:00   0:00 

3 Stars

1 - Kyle Palmieri (LOB)
2 - Mikael Granlund (LOB)
3 - Taylor Hall (LOB)

Power Play

OAKLAND GORILLAS - 0 on 5 Attempt(s) - 0,00%
LONG BEACH BARACUDAS - 1 on 4 Attempt(s) - 25,00%

Penalty Kill

OAKLAND GORILLAS - 3 on 4 Attempt(s) - 75,00% - Score 0 goal in Penalty Kill
LONG BEACH BARACUDAS - 5 on 5 Attempt(s) - 100,00% - Score 0 goal in Penalty Kill

Team Stat

OAKLAND GORILLAS - Hits : 21 - Faceoff Wins : 35 - Blocked Shots : 13 - Penalty Minutes : 10
LONG BEACH BARACUDAS - Hits : 13 - Faceoff Wins : 45 - Blocked Shots : 9 - Penalty Minutes : 12

Official

Referees : Michael Markovic and Pierre Lambert
Linesman : Jake Davis and Jaime Alary

Game Notes

Matthew Murray enters game at 1:04 of 2nd period
Loui Eriksson is injured at 4:07 of 2nd period (Left Forearm)

Finance

Level 1 -- Attendance: 4901 (77,79%) -- Ticket Income 867 477 $
Level 2 -- Attendance: 4595 (84,70%) -- Ticket Income 528 425 $
Level 3 -- Attendance: 2907 (95,31%) -- Ticket Income 197 676 $
Level 4 -- Attendance: 5911 (97,86%) -- Ticket Income 200 974 $
Luxury Box -- Attendance: 900 (68,70%) -- Ticket Income 301 500 $
Game was played at the MONSTER ENERGY CENTER.
Total Attendance: 19214 (86,84%)
Total Ticket Income: 2 096 052 $
Other Expense: 20 961 $
Total Income: 2 075 091 $

OAKLAND GORILLAS

5 vs 5 Forward 
   Center                   Left Wing                Right Wing               Time % Phy DF OF 
 1 Nico Hischier            Tomas Tatar              Tyler Toffoli            32     1   2  2  
 2 Alexander Wennberg       Jonathan Drouin          Colin White              31     1   2  2  
 3 Lucas Wallmark           Joel Farabee             Liam Foudy               27     1   2  2  
 4 Devin Shore              Michael Dal Colle        Alan Quine               10     0   3  2  

5 vs 5 Defense 
   Defense                  Defense                                           Time % Phy DF OF 
 1 Jakob Chychrun           Nick Leddy                                        34     1   2  2  
 2 Kevin Shattenkirk        Mikhail Sergachev                                 33     1   2  2  
 3 Kurtis MacDermid         Nikita Zadorov                                    33     1   2  2  
 4 Nick Leddy               Mikhail Sergachev                                 0      1   2  2  

PowerPlay Forward 
   Center                   Left Wing                Right Wing               Time % Phy DF OF 
 1 Nico Hischier            Tomas Tatar              Tyler Toffoli            55     1   2  2  
 2 Alexander Wennberg       Jonathan Drouin          Colin White              45     1   2  2  

PowerPlay Defense
   Defense                  Defense                                           Time % Phy DF OF 
 1 Kevin Shattenkirk        Mikhail Sergachev                                 55     1   2  2  
 2 Nick Leddy               Jakob Chychrun                                    45     1   2  2  

Penalty Kill 4 Players Forward 
   Center                   Wing                     Time % Phy DF OF 
 1 Nico Hischier            Tomas Tatar              55     1   2  2  
 2 Lucas Wallmark           Colin White              45     1   2  2  

Penalty Kill 4 Players Defense
   Defense                  Defense                  Time % Phy DF OF 
 1 Nikita Zadorov           Nick Leddy               55     1   2  2  
 2 Kevin Shattenkirk        Mikhail Sergachev        45     1   2  2  

Penalty Kill - 3 Players Forward 
   Forward                                           Time % Phy DF OF 
 1 Tomas Tatar                                       55     1   2  2  
 2 Nico Hischier                                     45     1   2  2  

Penalty Kill - 3 Players Defense
   Defense                  Defense                  Time % Phy DF OF 
 1 Kevin Shattenkirk        Nick Leddy               55     1   2  2  
 2 Nikita Zadorov           Mikhail Sergachev        45     1   2  2  

4 vs 4 Forward 
   Center                   Wing                     Time % Phy DF OF 
 1 Nico Hischier            Tomas Tatar              55     1   2  2  
 2 Alexander Wennberg       Tyler Toffoli            45     1   2  2  

4 vs 4 Defense
   Defense                  Defense                  Time % Phy DF OF 
 1 Kevin Shattenkirk        Nick Leddy               55     1   2  2  
 2 Jakob Chychrun           Mikhail Sergachev        45     1   2  2  

Last Minutes Offensive
   Center                   Left Wing                Right Wing               Defense                  Defense                  
   Nico Hischier            Tomas Tatar              Tyler Toffoli            Kevin Shattenkirk        Nick Leddy               

Last Minutes Defensive
   Center                   Left Wing                Right Wing               Defense                  Defense                  
   Nico Hischier            Tomas Tatar              Tyler Toffoli            Kevin Shattenkirk        Nick Leddy               

Goaltenders
Starting : Charlie Lindgren         
Backup : Matthew Murray           

Extra Forwards
Normal : Lucas Wallmark, Devin Shore, Joel Farabee - PP : Lucas Wallmark, Joel Farabee - PK : Joel Farabee
Extra Defensemen
Normal : Nikita Zadorov, Kevin Shattenkirk, Kurtis MacDermid - PP : Nikita Zadorov - PK : Kevin Shattenkirk, Kurtis MacDermid
Penalty Shots
Tomas Tatar, Nico Hischier, Tyler Toffoli, Alexander Wennberg, Colin White
Custom OT Lines Forwards
Tomas Tatar, Nico Hischier, Tyler Toffoli, Alexander Wennberg, Colin White, Lucas Wallmark, Alan Quine, Jonathan Drouin, Joel Farabee, Devin Shore
Custom OT Lines Defensemen
Kevin Shattenkirk, Nick Leddy, Kurtis MacDermid, Mikhail Sergachev, Nikita Zadorov

Scratches
Josh Anderson (Upper Body Injury)

LONG BEACH BARACUDAS

5 vs 5 Forward 
   Center                   Left Wing                Right Wing               Time % Phy DF OF 
 1 Brock Nelson             Taylor Hall              Kyle Palmieri            40     0   1  4  
 2 Pierre-Edouard Bellemare Reyley Smith             Steven Stamkos           33     0   2  3  
 3 Tobias Rieder            J.T. Compher             Mikael Granlund          18     0   3  2  
 4 Brad Richardson          Boris Katchouk           Loui Eriksson            9      0   2  3  

5 vs 5 Defense 
   Defense                  Defense                                           Time % Phy DF OF 
 1 Alex Pietrangelo         Ron Hainsey                                       40     0   3  2  
 2 Ben Hutton               Brandon Montour                                   30     0   3  2  
 3 Michael Del Zotto        Jordie Benn                                       15     0   3  2  
 4 Brandon Montour          Alex Pietrangelo                                  15     0   2  3  

PowerPlay Forward 
   Center                   Left Wing                Right Wing               Time % Phy DF OF 
 1 Steven Stamkos           Taylor Hall              Kyle Palmieri            51     0   0  5  
 2 Brock Nelson             J.T. Compher             Reyley Smith             49     0   1  4  

PowerPlay Defense
   Defense                  Defense                                           Time % Phy DF OF 
 1 Brandon Montour          Ben Hutton                                        55     0   0  5  
 2 Ron Hainsey              Jordie Benn                                       45     0   0  5  

Penalty Kill 4 Players Forward 
   Center                   Wing                     Time % Phy DF OF 
 1 Kyle Palmieri            Reyley Smith             60     0   4  1  
 2 Pierre-Edouard Bellemare Mikael Granlund          40     0   4  1  

Penalty Kill 4 Players Defense
   Defense                  Defense                  Time % Phy DF OF 
 1 Ron Hainsey              Jordie Benn              55     0   4  1  
 2 Ben Hutton               Michael Del Zotto        45     0   4  1  

Penalty Kill - 3 Players Forward 
   Forward                                           Time % Phy DF OF 
 1 Reyley Smith                                      55     1   4  0  
 2 Pierre-Edouard Bellemare                          45     1   4  0  

Penalty Kill - 3 Players Defense
   Defense                  Defense                  Time % Phy DF OF 
 1 Jordie Benn              Alex Pietrangelo         55     1   4  0  
 2 Brandon Montour          Michael Del Zotto        45     1   4  0  

4 vs 4 Forward 
   Center                   Wing                     Time % Phy DF OF 
 1 J.T. Compher             Kyle Palmieri            55     0   2  3  
 2 Mikael Granlund          Reyley Smith             45     0   2  3  

4 vs 4 Defense
   Defense                  Defense                  Time % Phy DF OF 
 1 Brandon Montour          Jordie Benn              55     1   2  2  
 2 Ron Hainsey              Michael Del Zotto        45     1   2  2  

Last Minutes Offensive
   Center                   Left Wing                Right Wing               Defense                  Defense                  
   Steven Stamkos           Taylor Hall              Kyle Palmieri            Alex Pietrangelo         Jordie Benn              

Last Minutes Defensive
   Center                   Left Wing                Right Wing               Defense                  Defense                  
   Tobias Rieder            Reyley Smith             Kyle Palmieri            Ron Hainsey              Michael Del Zotto        

Goaltenders
Starting : Jonathan Quick           
Backup : Brian Elliott            

Extra Forwards
Normal : Kyle Palmieri, Reyley Smith, J.T. Compher - PP : J.T. Compher, Reyley Smith - PK : J.T. Compher
Extra Defensemen
Normal : Brandon Montour, Ben Hutton, Ron Hainsey - PP : Brandon Montour - PK : Ben Hutton, Ron Hainsey
Penalty Shots
Steven Stamkos, Taylor Hall, Brock Nelson, Kyle Palmieri, Mikael Granlund
Custom OT Lines Forwards
Steven Stamkos, Taylor Hall, Brock Nelson, Kyle Palmieri, Reyley Smith, Tobias Rieder, Mikael Granlund, J.T. Compher, Pierre-Edouard Bellemare, Loui Eriksson
Custom OT Lines Defensemen
Alex Pietrangelo, Ben Hutton, Ron Hainsey, Jordie Benn, Brandon Montour

Scratches
Derek Stepan (Left Foot Injury), Alexandre Texier (Left Ankle Injury), Andreas Johnsson (Strained Left Elbow Injury)

% Time on Ice - OAKLAND GORILLAS

Lines # - Real PCT - Wanted PCT - Time Play
Normal Forward
1 - 28% - 32% - 11:32
2 - 29% - 31% - 11:42
3 - 22% - 27% - 9:06
4 - 21% - 10% - 8:40
Normal Defense
1 - 37% - 34% - 15:16
2 - 30% - 33% - 12:14
3 - 33% - 33% - 13:30
4 - 0% - 0% - 0:00
PP Forward
1 - 56% - 55% - 5:10
2 - 44% - 45% - 4:01
PP Defense
1 - 52% - 55% - 4:47
2 - 48% - 45% - 4:24
PK Forward
1 - 60% - 55% - 4:41
2 - 40% - 45% - 3:09
PK Defense
1 - 43% - 55% - 3:21
2 - 57% - 45% - 4:29
PK3 Forward
1 - 0% - 55%
2 - 0% - 45%
PK3 Defense
1 - 0% - 55%
2 - 0% - 45%
44 Forward
1 - 53% - 55% - 1:03
2 - 47% - 45% - 0:56
44 Defense
1 - 53% - 55% - 1:03
2 - 47% - 45% - 0:56
Last Minute Offensive  - 0:00
Last Minute Defensive  - 0:00
Total
Forward - 60:00
Defense - 60:00

% Time on Ice - LONG BEACH BARACUDAS

Lines # - Real PCT - Wanted PCT - Time Play
Normal Forward
1 - 27% - 40% - 11:07
2 - 29% - 33% - 11:43
3 - 21% - 18% - 8:47
4 - 23% - 9% - 9:23
Normal Defense
1 - 36% - 40% - 14:41
2 - 24% - 30% - 9:50
3 - 27% - 15% - 10:54
4 - 14% - 15% - 5:35
PP Forward
1 - 47% - 51% - 3:43
2 - 53% - 49% - 4:07
PP Defense
1 - 55% - 55% - 4:18
2 - 45% - 45% - 3:32
PK Forward
1 - 70% - 60% - 6:23
2 - 30% - 40% - 2:48
PK Defense
1 - 67% - 55% - 6:11
2 - 33% - 45% - 3:00
PK3 Forward
1 - 0% - 55%
2 - 0% - 45%
PK3 Defense
1 - 0% - 55%
2 - 0% - 45%
44 Forward
1 - 60% - 55% - 1:11
2 - 40% - 45% - 0:48
44 Defense
1 - 50% - 55% - 0:59
2 - 50% - 45% - 1:00
Last Minute Offensive  - 0:00
Last Minute Defensive  - 0:00
Total
Forward - 60:00
Defense - 60:00

Play-by-Play

1st period


0:01 of 1st period - Brock Nelson wins face-off versus Nico Hischier in neutral zone.
0:07 of 1st period - Kyle Palmieri is hit by Nick Leddy and loses puck.
1:18 of 1st period - Shot by Steven Stamkos.
1:18 of 1st period - Shot Misses the Net.
1:24 of 1st period - Shot by Steven Stamkos.
1:24 of 1st period - Shot Misses the Net.
1:26 of 1st period - Shot by Reyley Smith.
1:26 of 1st period - Stopped by Charlie Lindgren without a rebound.
1:27 of 1st period - Alexander Wennberg wins face-off versus Tobias Rieder in OAKLAND GORILLAS zone.
4:02 of 1st period - Shot by Kyle Palmieri.
4:02 of 1st period - Deflect By Brock Nelson.
4:02 of 1st period - Stopped by Charlie Lindgren without a rebound.
4:03 of 1st period - Devin Shore wins face-off versus Tobias Rieder in OAKLAND GORILLAS zone.
4:03 of 1st period - Devin Shore is hit by J.T. Compher.
4:22 of 1st period - Shot by Mikael Granlund.
4:22 of 1st period - Goal by Mikael Granlund - OAKLAND GORILLAS : 0 - LONG BEACH BARACUDAS : 1.
4:23 of 1st period - Nico Hischier wins face-off versus Brock Nelson in neutral zone.
5:04 of 1st period - Shot by Kyle Palmieri.
5:04 of 1st period - Deflect By Taylor Hall.
5:04 of 1st period - Stopped by Charlie Lindgren without a rebound.
5:05 of 1st period - Pierre-Edouard Bellemare wins face-off versus Lucas Wallmark in OAKLAND GORILLAS zone.
5:11 of 1st period - Reyley Smith is hit by Jakob Chychrun and loses puck.
5:24 of 1st period - Jakob Chychrun is hit by Jordie Benn.
5:45 of 1st period - Lucas Wallmark is hit by Michael Del Zotto and loses puck.
6:08 of 1st period - Shot by J.T. Compher.
6:08 of 1st period - Stopped by Charlie Lindgren without a rebound.
6:09 of 1st period - Brock Nelson wins face-off versus Devin Shore in OAKLAND GORILLAS zone.
6:42 of 1st period - Shot by Brock Nelson.
6:42 of 1st period - Shot Misses the Net.
6:46 of 1st period - Shot by Kyle Palmieri.
6:46 of 1st period - Stopped by Charlie Lindgren without a rebound.
6:47 of 1st period - Alexander Wennberg wins face-off versus Tobias Rieder in OAKLAND GORILLAS zone.
7:04 of 1st period - Shot by Jonathan Drouin.
7:04 of 1st period - Stopped by Jonathan Quick without a rebound.
7:05 of 1st period - Brad Richardson wins face-off versus Nico Hischier in LONG BEACH BARACUDAS zone.
7:15 of 1st period - Shot by Tyler Toffoli.
7:15 of 1st period - Stopped by Jonathan Quick with a rebound.
7:17 of 1st period - Shot by Nico Hischier.
7:17 of 1st period - Shot Misses the Net.
7:26 of 1st period - Minor Penalty to Jordie Benn for Tripping.
7:27 of 1st period - Kyle Palmieri wins face-off versus Jonathan Drouin in LONG BEACH BARACUDAS zone.
7:33 of 1st period - Icing by Alexander Wennberg.
7:34 of 1st period - Kyle Palmieri wins face-off versus Alexander Wennberg in OAKLAND GORILLAS zone.
7:50 of 1st period - Icing by Colin White.
7:51 of 1st period - Kyle Palmieri wins face-off versus Alexander Wennberg in OAKLAND GORILLAS zone.
9:02 of 1st period - Shot by Tomas Tatar.
9:02 of 1st period - Deflect By Nico Hischier.
9:02 of 1st period - Shot Misses the Net.
9:40 of 1st period - Shot by Lucas Wallmark.
9:40 of 1st period - Shot Misses the Net.
9:42 of 1st period - Shot by Joel Farabee.
9:42 of 1st period - Stopped by Jonathan Quick without a rebound.
9:43 of 1st period - J.T. Compher wins face-off versus Devin Shore in LONG BEACH BARACUDAS zone.
9:43 of 1st period - Alex Pietrangelo is hit by Michael Dal Colle and loses puck.
9:51 of 1st period - Tobias Rieder is hit by Mikhail Sergachev.
10:02 of 1st period - J.T. Compher is hit by Mikhail Sergachev.
10:04 of 1st period - Shot by Mikael Granlund.
10:04 of 1st period - Shot Misses the Net.
10:06 of 1st period - Shot by J.T. Compher.
10:06 of 1st period - Stopped by Charlie Lindgren with a rebound.
10:33 of 1st period - Icing by Loui Eriksson.
10:34 of 1st period - Brad Richardson wins face-off versus Lucas Wallmark in LONG BEACH BARACUDAS zone.
10:53 of 1st period - Icing by Michael Del Zotto.
10:54 of 1st period - Alexander Wennberg wins face-off versus Brad Richardson in LONG BEACH BARACUDAS zone.
11:15 of 1st period - Shot by Alexander Wennberg.
11:15 of 1st period - Stopped by Jonathan Quick with a rebound.
11:21 of 1st period - Shot by Alexander Wennberg.
11:21 of 1st period - Stopped by Jonathan Quick without a rebound.
11:22 of 1st period - Brock Nelson wins face-off versus Nico Hischier in LONG BEACH BARACUDAS zone.
11:26 of 1st period - Kyle Palmieri is hit by Nikita Zadorov and loses puck.
11:31 of 1st period - Shot by Kyle Palmieri.
11:31 of 1st period - Shot Blocked by Kurtis MacDermid.
11:33 of 1st period - Shot by Alex Pietrangelo.
11:33 of 1st period - Goal by Alex Pietrangelo - OAKLAND GORILLAS : 0 - LONG BEACH BARACUDAS : 2.
11:34 of 1st period - Pierre-Edouard Bellemare wins face-off versus Joel Farabee in neutral zone.
11:43 of 1st period - Mikhail Sergachev is hit by Steven Stamkos and loses puck.
11:50 of 1st period - Shot by Joel Farabee.
11:50 of 1st period - Shot Misses the Net.
12:12 of 1st period - Shot by Lucas Wallmark.
12:12 of 1st period - Shot Blocked by Reyley Smith.
12:39 of 1st period - Shot by Tomas Tatar.
12:39 of 1st period - Stopped by Jonathan Quick without a rebound.
12:40 of 1st period - Brock Nelson wins face-off versus Alexander Wennberg in LONG BEACH BARACUDAS zone.
12:55 of 1st period - Shot by Taylor Hall.
12:55 of 1st period - Shot Misses the Net.
12:59 of 1st period - Shot by Kyle Palmieri.
12:59 of 1st period - Shot Blocked by Nick Leddy.
13:01 of 1st period - Shot by Kyle Palmieri.
13:01 of 1st period - Stopped by Charlie Lindgren without a rebound.
13:02 of 1st period - Tyler Toffoli wins face-off versus Tobias Rieder in OAKLAND GORILLAS zone.
13:06 of 1st period - Icing by Tomas Tatar.
13:07 of 1st period - Nico Hischier wins face-off versus Brock Nelson in OAKLAND GORILLAS zone.
13:31 of 1st period - Brock Nelson is hit by Nico Hischier and loses puck.
13:38 of 1st period - Shot by Tomas Tatar.
13:38 of 1st period - Shot Misses the Net.
14:06 of 1st period - Shot by Alexander Wennberg.
14:06 of 1st period - Stopped by Jonathan Quick without a rebound.
14:07 of 1st period - Pierre-Edouard Bellemare wins face-off versus Lucas Wallmark in LONG BEACH BARACUDAS zone.
14:35 of 1st period - Shot by Mikhail Sergachev.
14:35 of 1st period - Stopped by Jonathan Quick without a rebound.
14:36 of 1st period - Tobias Rieder wins face-off versus Alexander Wennberg in LONG BEACH BARACUDAS zone.
14:46 of 1st period - Shot by Mikael Granlund.
14:46 of 1st period - Shot Blocked by Colin White.
14:48 of 1st period - Shot by Jordie Benn.
14:48 of 1st period - Shot Misses the Net.
14:50 of 1st period - Shot by Mikael Granlund.
14:50 of 1st period - The goal is going for a video replay.
14:50 of 1st period - The goal is good.
14:50 of 1st period - Goal by Mikael Granlund - OAKLAND GORILLAS : 0 - LONG BEACH BARACUDAS : 3.
14:51 of 1st period - Brad Richardson wins face-off versus Nico Hischier in neutral zone.
15:42 of 1st period - Off-side.
15:43 of 1st period - Brock Nelson wins face-off versus Alexander Wennberg in neutral zone.
15:48 of 1st period - Shot by Kyle Palmieri.
15:48 of 1st period - Deflect By Brock Nelson.
15:48 of 1st period - Shot Blocked by Nick Leddy.
15:50 of 1st period - Shot by Taylor Hall.
15:50 of 1st period - Stopped by Charlie Lindgren with a rebound.
15:52 of 1st period - Shot by Taylor Hall.
15:52 of 1st period - Stopped by Charlie Lindgren without a rebound.
15:53 of 1st period - Lucas Wallmark wins face-off versus Brock Nelson in OAKLAND GORILLAS zone.
16:18 of 1st period - Shot by Mikhail Sergachev.
16:18 of 1st period - Stopped by Jonathan Quick with a rebound.
16:24 of 1st period - Shot by Mikhail Sergachev.
16:24 of 1st period - Stopped by Jonathan Quick without a rebound.
16:25 of 1st period - Pierre-Edouard Bellemare wins face-off versus Alexander Wennberg in LONG BEACH BARACUDAS zone.
16:25 of 1st period - Steven Stamkos is hit by Colin White and loses puck.
16:43 of 1st period - Minor Penalty to Brandon Montour for Interference.
16:43 of 1st period - Minor Penalty to Jonathan Drouin for Hooking.
16:44 of 1st period - J.T. Compher wins face-off versus Tomas Tatar in LONG BEACH BARACUDAS zone.
17:19 of 1st period - Shot by Kyle Palmieri.
17:19 of 1st period - Stopped by Charlie Lindgren without a rebound.
17:20 of 1st period - Mikael Granlund wins face-off versus Alexander Wennberg in OAKLAND GORILLAS zone.
17:21 of 1st period - Shot by Reyley Smith.
17:21 of 1st period - Stopped by Charlie Lindgren with a rebound.
17:53 of 1st period - Shot by Reyley Smith.
17:53 of 1st period - Deflect By Mikael Granlund.
17:53 of 1st period - Stopped by Charlie Lindgren with a rebound.
18:27 of 1st period - Shot by J.T. Compher.
18:27 of 1st period - Stopped by Charlie Lindgren without a rebound.
18:28 of 1st period - Nico Hischier wins face-off versus J.T. Compher in OAKLAND GORILLAS zone.
18:38 of 1st period - Icing by Kevin Shattenkirk.
18:39 of 1st period - J.T. Compher wins face-off versus Nico Hischier in OAKLAND GORILLAS zone.
19:01 of 1st period - Off-side.
19:02 of 1st period - Brock Nelson wins face-off versus Alan Quine in neutral zone.
Goals for this period are 0 for OAKLAND GORILLAS vs 3 for LONG BEACH BARACUDAS.
Shots for this period are 10 for OAKLAND GORILLAS vs 16 for LONG BEACH BARACUDAS.

2nd period


0:01 of 2nd period - Alexander Wennberg wins face-off versus Pierre-Edouard Bellemare in neutral zone.
0:32 of 2nd period - Shot by Pierre-Edouard Bellemare.
0:32 of 2nd period - Shot Misses the Net.
1:04 of 2nd period - Shot by Kyle Palmieri.
1:04 of 2nd period - Goal by Kyle Palmieri - OAKLAND GORILLAS : 0 - LONG BEACH BARACUDAS : 4.
1:04 of 2nd period - Matthew Murray enters game.
1:05 of 2nd period - Nico Hischier wins face-off versus Tobias Rieder in neutral zone.
1:07 of 2nd period - Tomas Tatar is hit by J.T. Compher and loses puck.
1:11 of 2nd period - Off-side.
1:12 of 2nd period - Nico Hischier wins face-off versus Brock Nelson in neutral zone.
1:23 of 2nd period - Shot by Tomas Tatar.
1:23 of 2nd period - Stopped by Jonathan Quick with a rebound.
1:25 of 2nd period - Shot by Kurtis MacDermid.
1:25 of 2nd period - Stopped by Jonathan Quick with a rebound.
1:29 of 2nd period - Shot by Nico Hischier.
1:29 of 2nd period - Shot Misses the Net.
1:31 of 2nd period - Shot by Nico Hischier.
1:31 of 2nd period - Stopped by Jonathan Quick without a rebound.
1:32 of 2nd period - Lucas Wallmark wins face-off versus J.T. Compher in LONG BEACH BARACUDAS zone.
1:34 of 2nd period - Joel Farabee is hit by Ron Hainsey and loses puck.
1:39 of 2nd period - Shot by Joel Farabee.
1:39 of 2nd period - Shot Misses the Net.
1:41 of 2nd period - Shot by Nick Leddy.
1:41 of 2nd period - Shot Misses the Net.
1:43 of 2nd period - Shot by Lucas Wallmark.
1:43 of 2nd period - Shot Misses the Net.
1:45 of 2nd period - Shot by Joel Farabee.
1:45 of 2nd period - Shot Blocked by Tobias Rieder.
1:47 of 2nd period - Shot by Joel Farabee.
1:47 of 2nd period - Shot Misses the Net.
1:48 of 2nd period - Minor Penalty to Alex Pietrangelo for Hooking.
1:49 of 2nd period - Nico Hischier wins face-off versus Kyle Palmieri in LONG BEACH BARACUDAS zone.
2:09 of 2nd period - Tomas Tatar is hit by Jordie Benn.
3:58 of 2nd period - Lucas Wallmark is hit by Alex Pietrangelo and loses puck.
4:06 of 2nd period - Loui Eriksson is hit by Liam Foudy and loses puck.
4:07 of 2nd period - Loui Eriksson from LONG BEACH BARACUDAS is injured at 4:07 of 2nd period (Left Forearm).
4:08 of 2nd period - Devin Shore wins face-off versus Tobias Rieder in neutral zone.
4:26 of 2nd period - Shot by Alan Quine.
4:26 of 2nd period - Deflect By Michael Dal Colle.
4:26 of 2nd period - Shot Blocked by Brandon Montour.
4:28 of 2nd period - Shot by Nikita Zadorov.
4:28 of 2nd period - Shot Hit the Post.
5:19 of 2nd period - Shot by Jonathan Drouin.
5:19 of 2nd period - Shot Misses the Net.
5:21 of 2nd period - Shot by Jonathan Drouin.
5:21 of 2nd period - Stopped by Jonathan Quick without a rebound.
5:22 of 2nd period - Pierre-Edouard Bellemare wins face-off versus Nico Hischier in LONG BEACH BARACUDAS zone.
5:35 of 2nd period - Shot by Steven Stamkos.
5:35 of 2nd period - Deflect By Reyley Smith.
5:35 of 2nd period - Shot Hit the Post.
5:42 of 2nd period - Off-side.
5:43 of 2nd period - Brad Richardson wins face-off versus Alexander Wennberg in neutral zone.
7:05 of 2nd period - Shot by Steven Stamkos.
7:05 of 2nd period - Shot Misses the Net.
7:07 of 2nd period - Shot by Pierre-Edouard Bellemare.
7:07 of 2nd period - Deflect By Steven Stamkos.
7:07 of 2nd period - Shot Misses the Net.
7:17 of 2nd period - Shot by Reyley Smith.
7:17 of 2nd period - Stopped by Matthew Murray with a rebound.
7:57 of 2nd period - Icing by Tobias Rieder.
7:58 of 2nd period - Lucas Wallmark wins face-off versus Tobias Rieder in LONG BEACH BARACUDAS zone.
8:22 of 2nd period - Shot by Nikita Zadorov.
8:22 of 2nd period - Stopped by Jonathan Quick without a rebound.
8:23 of 2nd period - Tyler Toffoli wins face-off versus Brock Nelson in LONG BEACH BARACUDAS zone.
8:48 of 2nd period - Shot by Tyler Toffoli.
8:48 of 2nd period - Goal by Tyler Toffoli - OAKLAND GORILLAS : 1 - LONG BEACH BARACUDAS : 4.
8:49 of 2nd period - Brad Richardson wins face-off versus Liam Foudy in neutral zone.
8:49 of 2nd period - Brad Richardson is hit by Joel Farabee.
8:57 of 2nd period - Icing by Kurtis MacDermid.
8:58 of 2nd period - Pierre-Edouard Bellemare wins face-off versus Lucas Wallmark in OAKLAND GORILLAS zone.
9:02 of 2nd period - Steven Stamkos is hit by Nikita Zadorov and loses puck.
9:14 of 2nd period - Steven Stamkos is hit by Kurtis MacDermid and loses puck.
9:33 of 2nd period - Shot by Steven Stamkos.
9:33 of 2nd period - Stopped by Matthew Murray without a rebound.
9:34 of 2nd period - Brock Nelson wins face-off versus Nico Hischier in OAKLAND GORILLAS zone.
9:34 of 2nd period - Brock Nelson is hit by Kevin Shattenkirk.
10:03 of 2nd period - Brock Nelson is hit by Mikhail Sergachev and loses puck.
10:07 of 2nd period - Minor Penalty to Kevin Shattenkirk for Holding.
10:08 of 2nd period - Brock Nelson wins face-off versus Nico Hischier in OAKLAND GORILLAS zone.
10:11 of 2nd period - Shot by Reyley Smith.
10:11 of 2nd period - Shot Misses the Net.
10:13 of 2nd period - Shot by Jordie Benn.
10:13 of 2nd period - Shot Misses the Net.
10:36 of 2nd period - Shot by Brock Nelson.
10:36 of 2nd period - Shot Blocked by Nick Leddy.
10:38 of 2nd period - Shot by Jordie Benn.
10:38 of 2nd period - Stopped by Matthew Murray without a rebound.
10:39 of 2nd period - Steven Stamkos wins face-off versus Lucas Wallmark in OAKLAND GORILLAS zone.
11:10 of 2nd period - Shot by Taylor Hall.
11:10 of 2nd period - Shot Blocked by Kurtis MacDermid.
11:12 of 2nd period - Shot by Kyle Palmieri.
11:12 of 2nd period - Deflect By Steven Stamkos.
11:12 of 2nd period - Shot Misses the Net.
11:36 of 2nd period - Shot by Nico Hischier.
11:36 of 2nd period - Shot Blocked by Brandon Montour.
12:30 of 2nd period - Shot by Brad Richardson.
12:30 of 2nd period - Shot Blocked by Jakob Chychrun.
12:32 of 2nd period - Shot by Reyley Smith.
12:32 of 2nd period - Shot Misses the Net.
13:16 of 2nd period - Shot by J.T. Compher.
13:16 of 2nd period - Shot Misses the Net.
13:23 of 2nd period - Mikael Granlund is hit by Jakob Chychrun and loses puck.
13:44 of 2nd period - Icing by Jakob Chychrun.
13:45 of 2nd period - Devin Shore wins face-off versus Pierre-Edouard Bellemare in OAKLAND GORILLAS zone.
13:54 of 2nd period - Alex Pietrangelo is hit by Michael Dal Colle and loses puck.
14:11 of 2nd period - Shot by Tomas Tatar.
14:11 of 2nd period - Shot Blocked by Brandon Montour.
14:56 of 2nd period - Shot by Kyle Palmieri.
14:56 of 2nd period - Shot Blocked by Kurtis MacDermid.
15:05 of 2nd period - Liam Foudy is hit by Ben Hutton and loses puck.
15:10 of 2nd period - Shot by Lucas Wallmark.
15:10 of 2nd period - Stopped by Jonathan Quick without a rebound.
15:11 of 2nd period - Alexander Wennberg wins face-off versus Tobias Rieder in LONG BEACH BARACUDAS zone.
15:22 of 2nd period - Shot by Alexander Wennberg.
15:22 of 2nd period - Shot Blocked by Michael Del Zotto.
15:24 of 2nd period - Shot by Nikita Zadorov.
15:24 of 2nd period - Shot Blocked by Jordie Benn.
15:32 of 2nd period - Shot by Alexander Wennberg.
15:32 of 2nd period - Shot Misses the Net.
15:34 of 2nd period - Shot by Nikita Zadorov.
15:34 of 2nd period - Shot Blocked by Michael Del Zotto.
15:36 of 2nd period - Shot by Nikita Zadorov.
15:36 of 2nd period - Stopped by Jonathan Quick without a rebound.
15:37 of 2nd period - Lucas Wallmark wins face-off versus Pierre-Edouard Bellemare in LONG BEACH BARACUDAS zone.
15:37 of 2nd period - Lucas Wallmark is hit by Alex Pietrangelo.
16:05 of 2nd period - Shot by Steven Stamkos.
16:05 of 2nd period - Stopped by Matthew Murray without a rebound.
16:06 of 2nd period - Brock Nelson wins face-off versus Nico Hischier in OAKLAND GORILLAS zone.
16:07 of 2nd period - Shot by Kyle Palmieri.
16:07 of 2nd period - Deflect By Brock Nelson.
16:07 of 2nd period - Shot Blocked by Kurtis MacDermid.
16:10 of 2nd period - Minor Penalty to Brock Nelson for Holding.
16:11 of 2nd period - Kyle Palmieri wins face-off versus Tyler Toffoli in LONG BEACH BARACUDAS zone.
16:48 of 2nd period - Shot by Mikhail Sergachev.
16:48 of 2nd period - Stopped by Jonathan Quick without a rebound.
16:49 of 2nd period - Alexander Wennberg wins face-off versus Kyle Palmieri in LONG BEACH BARACUDAS zone.
17:08 of 2nd period - Shot by Alexander Wennberg.
17:08 of 2nd period - Shot Blocked by Jordie Benn.
17:50 of 2nd period - Nico Hischier is hit by Mikael Granlund and loses puck.
17:54 of 2nd period - Icing by Nico Hischier.
17:55 of 2nd period - Mikael Granlund wins face-off versus Nico Hischier in OAKLAND GORILLAS zone.
18:07 of 2nd period - Shot by Tyler Toffoli.
18:07 of 2nd period - Deflect By Tomas Tatar.
18:07 of 2nd period - Stopped by Jonathan Quick without a rebound.
18:08 of 2nd period - Pierre-Edouard Bellemare wins face-off versus Nico Hischier in LONG BEACH BARACUDAS zone.
18:12 of 2nd period - Minor Penalty to Tobias Rieder for Hooking.
18:13 of 2nd period - Pierre-Edouard Bellemare wins face-off versus Tomas Tatar in LONG BEACH BARACUDAS zone.
19:27 of 2nd period - Shot by Colin White.
19:27 of 2nd period - Deflect By Alexander Wennberg.
19:27 of 2nd period - Stopped by Jonathan Quick with a rebound.
19:29 of 2nd period - Shot by Colin White.
19:29 of 2nd period - Shot Misses the Net.
19:31 of 2nd period - Shot by Alexander Wennberg.
19:31 of 2nd period - Stopped by Jonathan Quick with a rebound.
Goals for this period are 1 for OAKLAND GORILLAS vs 1 for LONG BEACH BARACUDAS.
Shots for this period are 12 for OAKLAND GORILLAS vs 5 for LONG BEACH BARACUDAS.

3rd period


0:01 of 3rd period - Nico Hischier wins face-off versus Kyle Palmieri in neutral zone.
0:27 of 3rd period - Mikael Granlund is hit by Nikita Zadorov and loses puck.
0:31 of 3rd period - Minor Penalty to Nikita Zadorov for High sticking.
0:32 of 3rd period - Nico Hischier wins face-off versus Steven Stamkos in OAKLAND GORILLAS zone.
1:03 of 3rd period - Shot by Kyle Palmieri.
1:03 of 3rd period - Shot Misses the Net.
1:17 of 3rd period - Shot by Kyle Palmieri.
1:17 of 3rd period - Deflect By Steven Stamkos.
1:17 of 3rd period - Shot Misses the Net.
1:51 of 3rd period - Shot by Reyley Smith.
1:51 of 3rd period - Stopped by Matthew Murray without a rebound.
1:52 of 3rd period - Reyley Smith wins face-off versus Lucas Wallmark in OAKLAND GORILLAS zone.
2:07 of 3rd period - Shot by Reyley Smith.
2:07 of 3rd period - Shot Misses the Net.
3:39 of 3rd period - Shot by Steven Stamkos.
3:39 of 3rd period - Shot Blocked by Nikita Zadorov.
3:41 of 3rd period - Shot by Reyley Smith.
3:41 of 3rd period - Stopped by Matthew Murray without a rebound.
3:42 of 3rd period - Tobias Rieder wins face-off versus Nico Hischier in OAKLAND GORILLAS zone.
4:27 of 3rd period - Icing by Jakob Chychrun.
4:28 of 3rd period - Pierre-Edouard Bellemare wins face-off versus Nico Hischier in OAKLAND GORILLAS zone.
4:33 of 3rd period - Shot by Reyley Smith.
4:33 of 3rd period - Stopped by Matthew Murray with a rebound.
4:35 of 3rd period - Shot by Jordie Benn.
4:35 of 3rd period - Stopped by Matthew Murray without a rebound.
4:36 of 3rd period - Alexander Wennberg wins face-off versus Brock Nelson in OAKLAND GORILLAS zone.
4:55 of 3rd period - Shot by Kyle Palmieri.
4:55 of 3rd period - Shot Misses the Net.
4:57 of 3rd period - Shot by Taylor Hall.
4:57 of 3rd period - Stopped by Matthew Murray without a rebound.
4:58 of 3rd period - Lucas Wallmark wins face-off versus Pierre-Edouard Bellemare in OAKLAND GORILLAS zone.
4:58 of 3rd period - Lucas Wallmark is hit by Steven Stamkos.
5:24 of 3rd period - Shot by Steven Stamkos.
5:24 of 3rd period - Deflect By Reyley Smith.
5:24 of 3rd period - Shot Misses the Net.
6:33 of 3rd period - Jordie Benn is hit by Tomas Tatar and loses puck.
7:40 of 3rd period - Shot by Brock Nelson.
7:40 of 3rd period - Shot Blocked by Jakob Chychrun.
7:58 of 3rd period - Shot by Mikael Granlund.
7:58 of 3rd period - Stopped by Matthew Murray without a rebound.
7:59 of 3rd period - Lucas Wallmark wins face-off versus Brad Richardson in OAKLAND GORILLAS zone.
8:27 of 3rd period - Minor Penalty to Kurtis MacDermid for High sticking.
8:28 of 3rd period - Steven Stamkos wins face-off versus Nico Hischier in OAKLAND GORILLAS zone.
8:44 of 3rd period - Shot by Ben Hutton.
8:44 of 3rd period - Stopped by Matthew Murray without a rebound.
8:45 of 3rd period - Brock Nelson wins face-off versus Nico Hischier in OAKLAND GORILLAS zone.
10:20 of 3rd period - Shot by Kyle Palmieri.
10:20 of 3rd period - Goal by Kyle Palmieri - OAKLAND GORILLAS : 1 - LONG BEACH BARACUDAS : 5.
10:21 of 3rd period - Devin Shore wins face-off versus Brad Richardson in neutral zone.
12:00 of 3rd period - Taylor Hall is hit by Jakob Chychrun and loses puck.
12:07 of 3rd period - Shot by Kyle Palmieri.
12:07 of 3rd period - Stopped by Matthew Murray without a rebound.
12:08 of 3rd period - Brock Nelson wins face-off versus Nico Hischier in OAKLAND GORILLAS zone.
12:11 of 3rd period - Shot by Brock Nelson.
12:11 of 3rd period - Goal by Brock Nelson - OAKLAND GORILLAS : 1 - LONG BEACH BARACUDAS : 6.
12:12 of 3rd period - Nico Hischier wins face-off versus Brock Nelson in neutral zone.
12:33 of 3rd period - Shot by Taylor Hall.
12:33 of 3rd period - Deflect By Kyle Palmieri.
12:33 of 3rd period - Shot Blocked by Kevin Shattenkirk.
12:35 of 3rd period - Shot by Brock Nelson.
12:35 of 3rd period - Stopped by Matthew Murray without a rebound.
12:36 of 3rd period - Brad Richardson wins face-off versus Lucas Wallmark in OAKLAND GORILLAS zone.
13:41 of 3rd period - Minor Penalty to Mikhail Sergachev for Boarding.
13:42 of 3rd period - Brock Nelson wins face-off versus Tomas Tatar in OAKLAND GORILLAS zone.
13:43 of 3rd period - Shot by Reyley Smith.
13:43 of 3rd period - Stopped by Matthew Murray without a rebound.
13:44 of 3rd period - Nico Hischier wins face-off versus Brock Nelson in OAKLAND GORILLAS zone.
14:19 of 3rd period - Icing by Brock Nelson.
14:20 of 3rd period - Nico Hischier wins face-off versus Reyley Smith in LONG BEACH BARACUDAS zone.
14:21 of 3rd period - Shot by Tomas Tatar.
14:21 of 3rd period - Stopped by Jonathan Quick without a rebound.
14:22 of 3rd period - Nico Hischier wins face-off versus Steven Stamkos in LONG BEACH BARACUDAS zone.
14:28 of 3rd period - Icing by Ron Hainsey.
14:29 of 3rd period - Nico Hischier wins face-off versus Steven Stamkos in LONG BEACH BARACUDAS zone.
14:35 of 3rd period - Icing by Jordie Benn.
14:36 of 3rd period - Nico Hischier wins face-off versus Steven Stamkos in LONG BEACH BARACUDAS zone.
14:59 of 3rd period - Shot by Kyle Palmieri.
14:59 of 3rd period - Stopped by Matthew Murray with a rebound.
15:01 of 3rd period - Shot by Jordie Benn.
15:01 of 3rd period - Stopped by Matthew Murray without a rebound.
15:02 of 3rd period - Lucas Wallmark wins face-off versus Brock Nelson in OAKLAND GORILLAS zone.
15:56 of 3rd period - Kyle Palmieri is hit by Nick Leddy and loses puck.
16:00 of 3rd period - Icing by Jakob Chychrun.
16:01 of 3rd period - Pierre-Edouard Bellemare wins face-off versus Devin Shore in OAKLAND GORILLAS zone.
16:26 of 3rd period - Shot by Steven Stamkos.
16:26 of 3rd period - Shot Misses the Net.
16:38 of 3rd period - Shot by Steven Stamkos.
16:38 of 3rd period - Stopped by Matthew Murray without a rebound.
16:39 of 3rd period - Brock Nelson wins face-off versus Nico Hischier in OAKLAND GORILLAS zone.
16:58 of 3rd period - Shot by Taylor Hall.
16:58 of 3rd period - Shot Blocked by Kevin Shattenkirk.
17:00 of 3rd period - Shot by Alex Pietrangelo.
17:00 of 3rd period - Stopped by Matthew Murray with a rebound.
17:12 of 3rd period - Shot by Kyle Palmieri.
17:12 of 3rd period - Shot Misses the Net.
17:14 of 3rd period - Shot by Brock Nelson.
17:14 of 3rd period - Stopped by Matthew Murray with a rebound.
17:38 of 3rd period - Brandon Montour is hit by Nico Hischier and loses puck.
18:03 of 3rd period - Shot by Mikael Granlund.
18:03 of 3rd period - Shot Misses the Net.
18:21 of 3rd period - Shot by Colin White.
18:21 of 3rd period - Shot Misses the Net.
18:44 of 3rd period - Minor Penalty to Pierre-Edouard Bellemare for High sticking.
18:45 of 3rd period - Kyle Palmieri wins face-off versus Nico Hischier in LONG BEACH BARACUDAS zone.
19:04 of 3rd period - Icing by Nico Hischier.
19:05 of 3rd period - Nico Hischier wins face-off versus Kyle Palmieri in OAKLAND GORILLAS zone.
19:05 of 3rd period - Nico Hischier is hit by Reyley Smith.
19:58 of 3rd period - Shot by Kevin Shattenkirk.
19:58 of 3rd period - Stopped by Jonathan Quick without a rebound.
19:59 of 3rd period - Kyle Palmieri wins face-off versus Nico Hischier in LONG BEACH BARACUDAS zone.
Goals for this period are 0 for OAKLAND GORILLAS vs 2 for LONG BEACH BARACUDAS.
Shots for this period are 2 for OAKLAND GORILLAS vs 17 for LONG BEACH BARACUDAS.


JOHNNY
GAUDREAU
MATTHEW
BOLDY
OWEN
TIPPETT

EAST COAST

HOCKEY LEAGUE

  • 29.PIT6MAN7
  • 30.ATL6NHW2
  • 31.WOR4PET3
  • 32.3RHI4
  • 33.CHIQUE
  • 34.LIMCHA
  • 35.LONTRV
  • 36.BALCHW